General information
- name: BNet
- type: Ladder team game (AT/RT)
- host: Battle.net
- saver: eurofriends
map: Highperch
- players: 6
- length: 50:33
- speed: Fast
- version: 1.28 W3XP
- replay type:

» download(307 KB)
Players
team 1 (winner)
eurofriends (
green | 69 APM | 3508 actions | 50:32)
4 Warden
2 Shadow Strike
2 Blink
» actions
| Assign group hotkey | 15 | |
| Basic commands | 16 | |
| Build / train | 79 | |
| Enter build submenu | 19 | |
| Enter hero's abilities submenu | 4 | |
| Give item / drop item | 1 | |
| Remove unit from queue | 3 | |
| Right click | 2550 | |
| Select / deselect | 459 | |
| Select group hotkey | 210 | |
| Use ability | 151 | |
3508 total
» units
| Wisp | 22 | |
| Hippogryph | 1 | |
| Druid of the Talon | 18 | |
41 total
» upgrades
| Ultravision | 1 | |
| Strength of the Wild | 3 | |
| Reinforced Hides | 3 | |
| Well Spring | 1 | |
| Nature's Blessing | 1 | |
| Druid of the Talon Training | 2 | |
| Mark of the Talon | 1 | |
12 total
» buildings
| Altar of Elders | 2 | |
| Moon Well | 11 | |
| Tree of Life | 1 | |
| Tree of Ages | 2 | |
| Hunter's Hall | 1 | |
| Tree of Eternity | 1 | |
| Ancient of Wind | 3 | |
21 total
» build order
00:44 Altar of Elders
00:57 Moon Well
02:28 Moon Well
02:34 Moon Well
07:30 Tree of Life
08:26 Tree of Ages
08:26 Tree of Ages
08:28 Hunter's Hall
08:37 Moon Well
08:38 Moon Well
08:41 Moon Well
08:42 Moon Well
08:43 Moon Well
10:54 Tree of Eternity
13:25 Ancient of Wind
13:32 Ancient of Wind
13:35 Ancient of Wind
15:32 Moon Well
27:55 Moon Well
48:17 Altar of Elders
49:22 Moon Well
» items
| Staff of Teleportation | 1 | |
| Healing Salve | 2 | |
| Lesser Clarity Potion | 1 | |
| Orb of Lightning | 1 | |
| Scroll of Town Portal | 1 | |
| Tiny Great Hall | 1 | |
| Mechanical Critter | 3 | |
10 total
game4theboys (
purple | 89 APM | 4485 actions | 50:31)
9 Blademaster
3 Wind Walk
3 Critical Strike
1 Bladestorm
2 Mirror Image
» actions
| Assign group hotkey | 17 | |
| Basic commands | 23 | |
| Build / train | 80 | |
| ESC pressed | 5 | |
| Enter build submenu | 21 | |
| Enter hero's abilities submenu | 8 | |
| Give item / drop item | 4 | |
| Right click | 3166 | |
| Select / deselect | 268 | |
| Select group hotkey | 636 | |
| Use ability | 257 | |
4485 total
» units
| Peon | 13 | |
| Troll Batrider | 6 | |
| Wind Rider | 3 | |
| Shaman | 1 | |
| Troll Witch Doctor | 1 | |
| Spirit Walker | 1 | |
| Kodo Beast | 1 | |
26 total
» upgrades
| Liquid Fire | 1 | |
| Ranged Weapons | 3 | |
| Ensnare | 1 | |
| Envenomed Spears | 1 | |
| War Drums Damage Increase | 1 | |
| Armor | 3 | |
| Shaman Training | 2 | |
| Witch Doctor Training | 2 | |
| Spirit Walker Training | 2 | |
| Troll Regeneration | 1 | |
| Reinforced Defenses | 1 | |
| Spiked Barricades | 1 | |
19 total
» buildings
| Altar of Storms | 1 | |
| Orc Burrow | 8 | |
| War Mill | 2 | |
| Voodoo Lounge | 2 | |
| Stronghold | 2 | |
| Fortress | 1 | |
| Beastiary | 3 | |
| Spirit Lodge | 1 | |
| Barracks | 1 | |
21 total
» build order
00:30 Altar of Storms
00:42 Orc Burrow
00:50 War Mill
01:33 Voodoo Lounge
01:52 Voodoo Lounge
03:28 Stronghold
03:39 Orc Burrow
05:53 Fortress
06:16 Beastiary
06:17 Beastiary
07:31 Orc Burrow
07:33 Orc Burrow
10:11 War Mill
13:14 Spirit Lodge
13:49 Orc Burrow
15:55 Barracks
27:05 Beastiary
27:32 Orc Burrow
27:34 Orc Burrow
27:37 Orc Burrow
» items
| Staff of Teleportation | 1 | |
| Boots of Speed | 1 | |
| Healing Salve | 3 | |
| Lesser Clarity Potion | 4 | |
| Orb of Lightning | 1 | |
| Circlet of Nobility | 2 | |
| Periapt of Vitality | 1 | |
| Scroll of Town Portal | 1 | |
14 total
iggy_the_fisk (
orange | 65 APM | 3297 actions | 50:31)
4 Archmage
2 Blizzard
2 Brilliance Aura
4 Blood Mage
3 Flame Strike
1 Siphon Mana
» actions
| Assign group hotkey | 313 | |
| Basic commands | 90 | |
| Build / train | 127 | |
| Enter build submenu | 91 | |
| Enter hero's abilities submenu | 8 | |
| Give item / drop item | 7 | |
| Remove unit from queue | 2 | |
| Right click | 1250 | |
| Select / deselect | 501 | |
| Select group hotkey | 688 | |
| Use ability | 220 | |
3297 total
» units
| Peasant | 17 | |
| Dragonhawk Rider | 14 | |
31 total
» upgrades
| Masonry | 3 | |
| Lumber Harvesting | 2 | |
| Magic Sentry | 1 | |
| Swords | 3 | |
| Armor | 3 | |
| Animal War Training | 1 | |
13 total
» buildings
| Altar of Kings | 1 | |
| Lumber Mill | 2 | |
| Farm | 9 | |
| Scout Tower | 97 | |
| Arcane Tower | 16 | |
| Guard Tower | 43 | |
| Arcane Vault | 2 | |
| Keep | 1 | |
| Town Hall | 1 | |
| Castle | 1 | |
| Arcane Sanctum | 1 | |
| Blacksmith | 1 | |
| Barracks | 1 | |
| Gryphon Aviary | 2 | |
178 total
» build order
00:28 Altar of Kings
00:31 Lumber Mill
00:38 Farm
01:07 Farm
01:25 Scout Tower
01:26 Scout Tower
01:57 Arcane Tower
02:06 Scout Tower
02:07 Scout Tower
02:08 Scout Tower
02:11 Scout Tower
02:18 Guard Tower
02:41 Guard Tower
02:42 Scout Tower
02:45 Guard Tower
02:46 Scout Tower
02:47 Scout Tower
02:48 Scout Tower
03:15 Guard Tower
03:16 Scout Tower
03:17 Guard Tower
03:19 Scout Tower
03:19 Scout Tower
03:24 Guard Tower
03:44 Guard Tower
03:46 Arcane Vault
03:52 Arcane Vault
03:53 Guard Tower
04:13 Guard Tower
04:15 Guard Tower
04:40 Scout Tower
04:41 Scout Tower
04:44 Guard Tower
04:45 Scout Tower
04:46 Scout Tower
04:57 Keep
05:52 Town Hall
06:09 Guard Tower
06:10 Scout Tower
06:11 Scout Tower
06:13 Scout Tower
06:13 Scout Tower
06:16 Scout Tower
06:18 Guard Tower
06:24 Scout Tower
06:24 Scout Tower
06:52 Guard Tower
07:11 Arcane Tower
07:14 Arcane Tower
08:11 Castle
08:28 Arcane Sanctum
08:35 Scout Tower
08:36 Scout Tower
08:37 Scout Tower
08:38 Scout Tower
08:38 Scout Tower
08:40 Scout Tower
08:40 Scout Tower
08:41 Scout Tower
08:42 Guard Tower
08:45 Guard Tower
08:47 Arcane Tower
08:52 Scout Tower
08:53 Scout Tower
08:54 Scout Tower
08:55 Scout Tower
08:59 Scout Tower
09:26 Guard Tower
09:45 Arcane Tower
09:46 Guard Tower
09:55 Blacksmith
09:56 Farm
09:57 Farm
10:09 Guard Tower
10:49 Scout Tower
10:53 Scout Tower
10:54 Scout Tower
10:55 Scout Tower
11:39 Guard Tower
11:42 Arcane Tower
12:30 Guard Tower
12:33 Scout Tower
12:36 Scout Tower
13:02 Barracks
13:25 Guard Tower
13:28 Scout Tower
13:29 Scout Tower
13:30 Scout Tower
13:36 Guard Tower
13:37 Guard Tower
13:38 Guard Tower
14:04 Scout Tower
14:05 Scout Tower
14:06 Scout Tower
15:03 Guard Tower
15:23 Gryphon Aviary
15:59 Arcane Tower
16:00 Guard Tower
18:09 Farm
26:08 Scout Tower
26:38 Scout Tower
26:39 Scout Tower
27:06 Guard Tower
27:08 Guard Tower
27:49 Scout Tower
27:52 Scout Tower
28:28 Guard Tower
28:31 Scout Tower
28:32 Scout Tower
28:34 Scout Tower
28:35 Scout Tower
28:40 Scout Tower
28:41 Scout Tower
28:43 Scout Tower
28:52 Farm
28:53 Farm
28:57 Farm
28:58 Farm
29:06 Scout Tower
29:07 Scout Tower
29:09 Scout Tower
29:11 Scout Tower
29:11 Scout Tower
29:12 Scout Tower
29:13 Scout Tower
29:35 Guard Tower
29:38 Scout Tower
29:39 Scout Tower
29:42 Scout Tower
29:50 Gryphon Aviary
31:39 Lumber Mill
31:51 Arcane Tower
32:04 Scout Tower
32:08 Scout Tower
32:10 Scout Tower
32:14 Scout Tower
32:19 Scout Tower
32:21 Scout Tower
32:23 Scout Tower
32:25 Scout Tower
32:31 Scout Tower
32:34 Scout Tower
32:40 Scout Tower
32:47 Arcane Tower
32:51 Guard Tower
33:16 Guard Tower
33:51 Scout Tower
33:55 Guard Tower
33:57 Arcane Tower
34:18 Scout Tower
34:23 Scout Tower
34:25 Scout Tower
34:27 Scout Tower
34:29 Scout Tower
34:35 Arcane Tower
34:36 Guard Tower
34:49 Guard Tower
35:33 Scout Tower
35:41 Scout Tower
35:43 Arcane Tower
35:49 Arcane Tower
35:51 Guard Tower
36:01 Guard Tower
36:09 Guard Tower
36:11 Scout Tower
36:12 Scout Tower
36:14 Scout Tower
36:16 Guard Tower
36:24 Scout Tower
36:27 Scout Tower
36:46 Guard Tower
36:57 Scout Tower
37:11 Arcane Tower
37:15 Guard Tower
37:45 Arcane Tower
38:33 Guard Tower
39:19 Scout Tower
41:47 Arcane Tower
» items
| Boots of Speed | 2 | |
| Staff of Teleportation | 2 | |
| Orb of Lightning | 2 | |
| Staff of Sanctuary | 2 | |
| Scroll of Town Portal | 1 | |
9 total
team 2 (loser)
Akane (
yellow | 39 APM | 1948 actions | 49:49)
4 Death Knight
2 Death Coil
2 Unholy Aura
2 Lich
1 Frost Armor
1 Frost Nova
» actions
| Assign group hotkey | 4 | |
| Basic commands | 6 | |
| Build / train | 129 | |
| ESC pressed | 2 | |
| Enter build submenu | 25 | |
| Enter hero's abilities submenu | 7 | |
| Remove unit from queue | 7 | |
| Right click | 1159 | |
| Select / deselect | 540 | |
| Select group hotkey | 2 | |
| Use ability | 67 | |
1948 total
» units
| Acolyte | 37 | |
| Ghoul | 4 | |
| Crypt Fiend | 14 | |
| Centaur Outrunner | 1 | |
| Banshee | 2 | |
| Frost Wyrm | 25 | |
| Harpy Windwitch | 1 | |
| Gargoyle | 14 | |
98 total
» upgrades
| Creature Attack | 3 | |
| Web | 1 | |
| Creature Carapace | 2 | |
| Freezing Breath | 1 | |
| Stone Form | 1 | |
8 total
» buildings
| Altar of Darkness | 1 | |
| Ziggurat | 10 | |
| Crypt | 1 | |
| Tomb of Relics | 1 | |
| Graveyard | 2 | |
| Nerubian Tower | 2 | |
| Halls of the Dead | 1 | |
| Necropolis | 1 | |
| Temple of the Damned | 1 | |
| Black Citadel | 1 | |
| Sacrificial Pit | 1 | |
| Spirit Tower | 1 | |
| Boneyard | 2 | |
25 total
» build order
00:08 Altar of Darkness
00:11 Ziggurat
00:15 Crypt
00:58 Tomb of Relics
02:03 Graveyard
03:31 Nerubian Tower
04:40 Ziggurat
07:00 Halls of the Dead
07:39 Necropolis
08:15 Ziggurat
09:52 Temple of the Damned
11:24 Ziggurat
12:06 Ziggurat
12:30 Black Citadel
12:39 Nerubian Tower
12:59 Sacrificial Pit
13:18 Spirit Tower
13:45 Ziggurat
15:08 Boneyard
15:12 Boneyard
18:30 Ziggurat
18:31 Ziggurat
18:31 Ziggurat
18:33 Ziggurat
20:18 Graveyard
» items
| Rod of Necromancy | 1 | |
| Sacrificial Skull | 1 | |
2 total
AllZ (
teal | 50 APM | 2508 actions | 50:03)
4 Demon Hunter
2 Mana Burn
2 Evasion
1 Lich
1 Frost Armor
» actions
| Assign group hotkey | 12 | |
| Basic commands | 7 | |
| Build / train | 106 | |
| ESC pressed | 3 | |
| Enter build submenu | 25 | |
| Enter hero's abilities submenu | 5 | |
| Remove unit from queue | 8 | |
| Right click | 1238 | |
| Select / deselect | 679 | |
| Select group hotkey | 335 | |
| Use ability | 89 | |
2508 total
» units
| Wisp | 11 | |
| Archer | 2 | |
| Huntress | 8 | |
| Harpy Rogue | 1 | |
| Druid of the Claw | 15 | |
| Dryad | 8 | |
| Hippogryph | 20 | |
| Chimaera | 2 | |
67 total
» upgrades
| Strength of the Wild | 3 | |
| Reinforced Hides | 4 | |
| Sentinel | 1 | |
| Druid of the Claw Training | 2 | |
| Abolish Magic | 1 | |
| Upgrade Moon Glaive | 1 | |
| Mark of the Claw | 1 | |
| Strength of the Moon | 2 | |
| Ultravision | 1 | |
| Moon Armor | 2 | |
| Corrosive Breath | 1 | |
19 total
» buildings
| Ancient of War | 1 | |
| Altar of Elders | 1 | |
| Moon Well | 9 | |
| Hunter's Hall | 1 | |
| Tree of Ages | 1 | |
| Ancient of Lore | 2 | |
| Tree of Eternity | 1 | |
| Tree of Life | 1 | |
| Ancient of Wind | 1 | |
| Chimaera Roost | 1 | |
19 total
» build order
00:06 Ancient of War
00:11 Altar of Elders
00:46 Moon Well
01:46 Moon Well
02:27 Hunter's Hall
03:56 Tree of Ages
04:10 Moon Well
05:36 Moon Well
06:42 Ancient of Lore
08:05 Ancient of Lore
08:28 Moon Well
08:31 Moon Well
08:38 Tree of Eternity
08:47 Moon Well
10:06 Moon Well
13:28 Moon Well
25:44 Tree of Life
35:52 Ancient of Wind
37:34 Chimaera Roost
» items
| Scroll of Healing | 1 | |
| Orb of Corruption | 1 | |
2 total
Shawky (
red | 53 APM | 2659 actions | 50:30)
5 Mountain King
2 Storm Bolt
2 Bash
1 Thunder Clap
3 Paladin
2 Holy Light
1 Devotion Aura
» actions
| Basic commands | 12 | |
| Build / train | 107 | |
| ESC pressed | 1 | |
| Enter build submenu | 38 | |
| Enter hero's abilities submenu | 8 | |
| Remove unit from queue | 3 | |
| Right click | 1786 | |
| Select / deselect | 631 | |
| Use ability | 73 | |
2659 total
» units
| Peasant | 22 | |
| Footman | 5 | |
| Rifleman | 4 | |
| Sorceress | 11 | |
| Knight | 12 | |
| Gryphon Rider | 10 | |
64 total
» upgrades
| Gunpowder | 2 | |
| Swords | 3 | |
| Plating | 3 | |
| Long Rifles | 1 | |
| Sorceress Training | 2 | |
| Magic Sentry | 1 | |
| Animal War Training | 1 | |
| Lumber Harvesting | 2 | |
| Storm Hammers | 1 | |
16 total
» buildings
| Altar of Kings | 1 | |
| Farm | 13 | |
| Barracks | 2 | |
| Blacksmith | 1 | |
| Arcane Vault | 1 | |
| Scout Tower | 9 | |
| Arcane Tower | 2 | |
| Keep | 1 | |
| Arcane Sanctum | 1 | |
| Castle | 1 | |
| Town Hall | 1 | |
| Lumber Mill | 1 | |
| Guard Tower | 6 | |
| Gryphon Aviary | 2 | |
42 total
» build order
00:09 Altar of Kings
00:18 Farm
00:29 Barracks
01:31 Farm
01:51 Blacksmith
02:16 Farm
02:57 Arcane Vault
03:12 Scout Tower
03:40 Arcane Tower
03:43 Farm
04:04 Farm
04:34 Keep
04:59 Scout Tower
05:59 Arcane Tower
06:35 Farm
07:20 Arcane Sanctum
08:02 Farm
09:55 Castle
10:28 Town Hall
12:50 Lumber Mill
14:05 Barracks
15:27 Farm
16:14 Farm
18:40 Scout Tower
18:42 Scout Tower
18:59 Scout Tower
19:06 Scout Tower
19:11 Guard Tower
19:14 Scout Tower
19:30 Scout Tower
19:33 Guard Tower
19:37 Scout Tower
19:42 Guard Tower
19:48 Guard Tower
20:01 Guard Tower
20:12 Guard Tower
20:26 Farm
20:33 Farm
21:29 Gryphon Aviary
22:10 Farm
36:07 Farm
40:16 Gryphon Aviary
» items
| Scroll of Regeneration | 3 | |
| Boots of Speed | 1 | |
4 total
Chat log
(00:24 / All) Akane: y
(04:29 / All) eurofriends: surround...
(22:40 / All) game4theboys: ? hello
(23:06 / All) eurofriends: put bears into bear mode
(23:22 / All) game4theboys: Activate Bear Mode Now
(25:31 / All) iggy_the_fisk: Lucky
(31:49 / All) eurofriends: noobs
(32:32 / All) eurofriends: from?
(32:37 / All) game4theboys: GG
(32:37 / All) Akane: asia
(32:41 / All) eurofriends: where
(32:46 / All) Akane: pekin
(32:48 / All) Akane: noob
(32:50 / All) eurofriends: noob
(32:51 / All) AllZ: sushi
(32:52 / All) game4theboys: SHIT!
(32:59 / All) game4theboys: whered my game go
(33:31 / All) iggy_the_fisk: welcome
(33:33 / All) iggy_the_fisk: good byye
(33:38 / All) game4theboys: what happen
(33:44 / All) iggy_the_fisk: an accident
(33:45 / All) game4theboys: FROM
(33:47 / All) eurofriends: dont forget about highperch
(34:39 / All) Akane: and now?
(35:05 / All) iggy_the_fisk: now we KILL YOUR BEAR!
(35:10 / All) iggy_the_fisk: POW POW POW
(35:20 / All) iggy_the_fisk: dryads have no benefit from your Roar of The wild ;)
(38:24 / All) eurofriends: bad noob
(38:27 / All) eurofriends: yellow
(38:33 / All) Akane: i have lag but np
(38:39 / All) eurofriends: as do we all
(38:44 / All) Akane: you use old tchnique bitche. what els?
(38:53 / All) eurofriends: do you know this technique?
(38:55 / All) game4theboys: OLD GAME OLD TCHNIQUE
(39:03 / All) eurofriends: it's been in my family for 12 years
(39:06 / All) Akane: and old player xD
(39:22 / All) game4theboys: did you not learn how to click death coil in 1999
(39:38 / All) game4theboys: When I Played Video Games We Could Not See HP
(39:39 / All) Akane: ZZzzzzz
(39:49 / All) game4theboys: why are you still in this game
(40:12 / All) Akane: you don't know what is lag? nop^mb not ^^
(40:17 / All) Akane: kid's.
(40:50 / All) eurofriends: careless wisper
(40:58 / All) game4theboys: 1/5
(41:01 / All) iggy_the_fisk: tree vs man
(41:04 / All) iggy_the_fisk: the ultimate battle
(41:11 / All) game4theboys: im a n or
(41:12 / All) game4theboys: c
(41:14 / All) game4theboys: im an orc
(41:26 / All) eurofriends: teal tree eats shit
(41:29 / All) eurofriends: fuck
(41:30 / All) iggy_the_fisk: Orc has defeated nature
(41:33 / All) game4theboys: all tree eat shit
(41:39 / All) iggy_the_fisk: Perhaps in the end, the greatest monster of them all... was orc
(42:03 / All) game4theboys: bAD bOYS
(42:33 / All) game4theboys: dEATHE coil :)
(43:13 / All) iggy_the_fisk: aye aye aye Chimboleros
(43:22 / All) iggy_the_fisk: what's the flight plan boys?
(44:21 / All) iggy_the_fisk: why did your shade die
(44:22 / All) eurofriends: be more careful pleaze
(45:11 / All) eurofriends: "knight Knight"
(45:22 / All) eurofriends: retrain paladin
(45:24 / All) eurofriends: away from devotion aura
(45:46 / All) game4theboys: cloud is better
(45:58 / All) Akane: 1hour for shit party nice make...
(46:12 / All) AllZ: who make a " super" technique?
(46:17 / All) game4theboys: we
(46:21 / All) iggy_the_fisk: it is we
(46:27 / All) eurofriends: this is the first " SUPER TECHNIQUE "
(46:38 / All) eurofriends: click on this::: https://highper.ch/win
(46:48 / All) eurofriends: provide 3 $USD for a cheap win
(46:49 / All) game4theboys: High Perch And The LEgend Of the SUPER ' technique
(49:53 / All) iggy_the_fisk: hawks are better
(49:57 / All) eurofriends: https://highper.ch
(50:06 / All) iggy_the_fisk: I lost 0 hawk